PR
INDIANA LEAD SOX @ LONG ISLAND DUCKS
06/05/2037
 
TOP OF THE 1ST
Indiana Lead Sox batting - Pitching for Long Island Ducks : RHP Jim Sousa
Pitching: RHP Jim Sousa
Batting: LHB Jeff Griffin 0-0: Ball
1-0: Called Strike
1-1: Hit by Pitch
Batting: RHB Armando Silva 0-0: Ball
1-0: Foul Ball, location: 2F
1-1: Fly out, F9 (Flyball, 9S, EV 76.9 MPH)
Batting: LHB Xavier Petit 0-0: Ball
1-0: Foul Ball, location: 2F
1-1: Ball
2-1: Foul Ball, location: 2F
2-2: Strikes out swinging
Batting: RHB Iván Reyes 0-0: Ball
Wild Pitch!
Jeff Griffin to second
1-0: Ball
2-0: Called Strike
2-1: Ball
3-1: Foul Ball, location: 2F
3-2: Base on Balls
Batting: LHB Doug Pollock 0-0: Called Strike
0-1: Called Strike
0-2: Ball
1-2: Ball
2-2: Ground out 1-3 (Groundball, 13, EV 80.6 MPH)
Top of the 1st over - 0 runs, 0 hits, 0 errors, 2 left on base; Indiana 0 - Long Island 0
BOTTOM OF THE 1ST
Long Island Ducks batting - Pitching for Indiana Lead Sox : RHP Arlen Chesnutt
Pitching: RHP Arlen Chesnutt
Batting: RHB John Camp 0-0: Called Strike
0-1: Ball
1-1: Ground out 6-3 (Groundball, 6, EV 98.8 MPH)
Batting: LHB Benno Luby 0-0: Ball
1-0: Called Strike
1-1: Foul Ball, location: 2F
1-2: Ball
2-2: Ball
3-2: Fly out, F7 (Flyball, 7D, EV 90.0 MPH)
Batting: RHB Sean Roberts 0-0: Called Strike
0-1: Called Strike
0-2: Ball
1-2: Ball
2-2: Strikes out swinging
Bottom of the 1st over - 0 runs, 0 hits, 0 errors, 0 left on base; Indiana 0 - Long Island 0
TOP OF THE 2ND
Indiana Lead Sox batting - Pitching for Long Island Ducks : RHP Jim Sousa
Batting: LHB Shiki Yamamoto 0-0: Called Strike
0-1: Foul Ball, location: 2F
0-2: Ball
1-2: Ground out 4-3 (Groundball, 4, EV 83.8 MPH)
Batting: SHB Ralph Titus 0-0: Foul Ball, location: 2F
0-1: Ball
1-1: Swinging Strike
1-2: Foul Ball, location: 2F
1-2: Foul Ball, location: 2F
1-2: Strikes out swinging
Pitching: RHP Felipe Deleón
Batting: RHB John Batman 0-0: Swinging Strike
0-1: Ball
1-1: Called Strike
1-2: Strikes out swinging
Top of the 2nd over - 0 runs, 0 hits, 0 errors, 0 left on base; Indiana 0 - Long Island 0
BOTTOM OF THE 2ND
Long Island Ducks batting - Pitching for Indiana Lead Sox : RHP Arlen Chesnutt
Batting: LHB Sergio Morán 0-0: Hit by Pitch
Batting: RHB Tomás Martí 0-0: Called Strike
Passed Ball!
Sergio Morán to second
0-1: Ball
1-1: Ground out 4-3 (Groundball, 34, EV 89.4 MPH)
Sergio Morán to third
Batting: LHB Brian Taylor 0-0: Swinging Strike
0-1: Called Strike
0-2: Ball
1-2: Foul Ball, location: 2F
1-2: Ball
Passed Ball!
Sergio Morán scores
2-2: Foul Ball, location: 2F
2-2: Ball
3-2: Fly out, F7 (Flyball, 7S, EV 90.0 MPH)
Batting: LHB Derek Kelly 0-0: Called Strike
0-1: Called Strike
0-2: Ball
1-2: Foul Ball, location: 2F
1-2: Foul Ball, location: 2F
1-2: Ball
2-2: Ball
3-2: Ground out 4-3 (Groundball, 34D, EV 105.6 MPH)
Bottom of the 2nd over - 1 run, 0 hits, 0 errors, 0 left on base; Indiana 0 - Long Island 1
TOP OF THE 3RD
Indiana Lead Sox batting - Pitching for Long Island Ducks : RHP Felipe Deleón
Batting: RHB Gil James 0-0: Ball
1-0: SINGLE (Groundball, 5L, EV 105.0 MPH)
Batting: LHB Jeff Griffin 0-0: Ball
1-0: Ball
2-0: Ball
3-0: Base on Balls
Gil James to second
Batting: RHB Armando Silva 0-0: Ball
1-0: Called Strike
1-1: Foul Ball, location: 2F
1-2: Foul Ball, location: 2F
1-2: Ball
2-2: Ball
3-2: Strikes out looking
Batting: LHB Xavier Petit 0-0: Called Strike
0-1: Fielders Choice at 2nd, 6-4 (Groundball, 56, EV 87.5 MPH)
Gil James to third
Pitching: LHP Binjimen Victor
Batting: RHB Iván Reyes 0-0: Called Strike
0-1: Ball
1-1: Called Strike
1-2: Ball
2-2: Strikes out swinging
Top of the 3rd over - 0 runs, 1 hit, 0 errors, 2 left on base; Indiana 0 - Long Island 1
BOTTOM OF THE 3RD
Long Island Ducks batting - Pitching for Indiana Lead Sox : RHP Arlen Chesnutt
Batting: RHB Sterling Massingham 0-0: Ball
1-0: Foul Ball, location: 2F
1-1: Foul Ball, location: 2F
1-2: Strikes out swinging
Batting: RHB Doug Dendy 0-0: Fly out, F6 (Line Drive, 6, EV 63.1 MPH)
Batting: RHB John Camp 0-0: Called Strike
0-1: Foul Ball, location: 2F
0-2: Foul Ball, location: 2F
0-2: Foul Ball, location: 2F
0-2: Ball
1-2: Fly out, F8 (Flyball, 8LD, EV 84.4 MPH)
Bottom of the 3rd over - 0 runs, 0 hits, 0 errors, 0 left on base; Indiana 0 - Long Island 1
TOP OF THE 4TH
Indiana Lead Sox batting - Pitching for Long Island Ducks : LHP Binjimen Victor
Batting: LHB Doug Pollock 0-0: Ground out 4-3 (Groundball, 4S, EV 75.6 MPH)
Batting: LHB Shiki Yamamoto 0-0: Ball
1-0: Called Strike
1-1: Swinging Strike
1-2: Strikes out looking
Batting: SHB Ralph Titus 0-0: Called Strike
0-1: Ball
1-1: Swinging Strike
1-2: Strikes out swinging
Top of the 4th over - 0 runs, 0 hits, 0 errors, 0 left on base; Indiana 0 - Long Island 1
BOTTOM OF THE 4TH
Long Island Ducks batting - Pitching for Indiana Lead Sox : RHP Arlen Chesnutt
Batting: LHB Benno Luby 0-0: Ball
1-0: Ball
2-0: Ball
3-0: Called Strike
3-1: Foul Ball, location: 2F
3-2: Foul Ball, location: 2F
3-2: Strikes out swinging
Batting: RHB Sean Roberts 0-0: Ball
1-0: Swinging Strike
1-1: SINGLE (Line Drive, 34D, EV 102.5 MPH)
Batting: LHB Sergio Morán 0-0: Ball
1-0: Called Strike
Sean Roberts steals 2nd base
1-1: Ball
2-1: Ball
3-1: Fly out, F7 (Flyball, 7LS, EV 76.2 MPH)
Batting: RHB Tomás Martí 0-0: Called Strike
0-1: Foul Ball, location: 2F
0-2: Ball
1-2: Ground out 6-3 (Groundball, 6, EV 101.9 MPH)
Bottom of the 4th over - 0 runs, 1 hit, 0 errors, 1 left on base; Indiana 0 - Long Island 1
TOP OF THE 5TH
Indiana Lead Sox batting - Pitching for Long Island Ducks : LHP Binjimen Victor
Batting: RHB John Batman 0-0: Called Strike
0-1: Swinging Strike
0-2: Ball
1-2: SINGLE (Line Drive, 8RS, EV 92.5 MPH)
Batting: RHB Gil James 0-0: Bunted foul
0-1: Sac Bunt to 3S - play at first, batter OUT! 3-4
John Batman to second
Batting: LHB Jeff Griffin 0-0: Called Strike
0-1: Foul Ball, location: 2F
0-2: Strikes out swinging
Batting: RHB Armando Silva 0-0: Called Strike
0-1: Ball
1-1: Ball
2-1: Swinging Strike
2-2: Strikes out looking
Top of the 5th over - 0 runs, 1 hit, 0 errors, 1 left on base; Indiana 0 - Long Island 1
BOTTOM OF THE 5TH
Long Island Ducks batting - Pitching for Indiana Lead Sox : RHP Arlen Chesnutt
Batting: LHB Brian Taylor 0-0: Swinging Strike
0-1: Ball
1-1: Ball
2-1: Ball
3-1: Base on Balls
Batting: LHB Derek Kelly 0-0: Bunted foul
0-1: Sac Bunt to 13S - play at second, runner OUT! 1-6
Batting: RHB Sterling Massingham 0-0: Grounds into double play, 5-4-3 (Groundball, 56, EV 82.5 MPH)
Bottom of the 5th over - 0 runs, 0 hits, 0 errors, 0 left on base; Indiana 0 - Long Island 1
TOP OF THE 6TH
Indiana Lead Sox batting - Pitching for Long Island Ducks : LHP Binjimen Victor
Batting: LHB Xavier Petit 0-0: Swinging Strike
0-1: Ball
1-1: Foul Ball, location: 2F
1-2: Strikes out looking
Batting: RHB Iván Reyes 0-0: Ball
1-0: Swinging Strike
1-1: Called Strike
1-2: Ground out 5-3 (Groundball, 56, EV 81.9 MPH)
Batting: LHB Doug Pollock 0-0: Called Strike
0-1: Ball
1-1: Fly out, F9 (Flyball, 89S, EV 86.2 MPH)
Top of the 6th over - 0 runs, 0 hits, 0 errors, 0 left on base; Indiana 0 - Long Island 1
BOTTOM OF THE 6TH
Long Island Ducks batting - Pitching for Indiana Lead Sox : RHP Arlen Chesnutt
Batting: RHB Doug Dendy 0-0: Ball
1-0: SINGLE (Groundball, 34D, EV 95.0 MPH)
Batting: RHB John Camp 0-0: Called Strike
0-1: Foul Ball, location: 2F
0-2: Ball
1-2: Strikes out looking
Batting: LHB Benno Luby 0-0: Ball
1-0: Called Strike
1-1: Swinging Strike
1-2: Strikes out swinging
Batting: RHB Sean Roberts 0-0: Fly out, F9 (Flyball, 9D, EV 86.2 MPH)
Bottom of the 6th over - 0 runs, 1 hit, 0 errors, 1 left on base; Indiana 0 - Long Island 1
TOP OF THE 7TH
Indiana Lead Sox batting - Pitching for Long Island Ducks : LHP Binjimen Victor
Batting: LHB Shiki Yamamoto 0-0: Ball
1-0: Called Strike
1-1: SINGLE (Groundball, 3D, EV 101.2 MPH)
Batting: SHB Ralph Titus 0-0: Called Strike
0-1: Ball
1-1: Ball
2-1: Ball
3-1: Foul Ball, location: 2F
3-2: SINGLE (Groundball, 6MD, EV 104.4 MPH)
Shiki Yamamoto to second
Runner from 2nd tries for 3rd, OUT! 8-5
Batting: RHB John Batman 0-0: Ball
1-0: Swinging Strike
1-1: Foul Ball, location: 2F
1-2: Foul Ball, location: 2F
1-2: Ball
2-2: Ball
3-2: Base on Balls
Ralph Titus to second
Batting: RHB Gil James 0-0: Called Strike
0-1: Ball
1-1: SINGLE (Groundball, 6MD, EV 107.5 MPH)
Ralph Titus to third
John Batman to second
Runner from 3rd tries for Home, SAFE, throw by CF to home
Batting: LHB Jeff Griffin 0-0: Fielders Choice at 2nd, 6-4 (Groundball, 6MS, EV 91.2 MPH)
John Batman to third
Batting: RHB Armando Silva 0-0: Ball
1-0: Fly out, F8 (Line Drive, 8LM, EV 98.1 MPH)
Top of the 7th over - 1 run, 3 hits, 0 errors, 2 left on base; Indiana 1 - Long Island 1
BOTTOM OF THE 7TH
Long Island Ducks batting - Pitching for Indiana Lead Sox : RHP Arlen Chesnutt
Batting: LHB Sergio Morán 0-0: Fly out, F8 (Line Drive, 8RM, EV 100.0 MPH)
Batting: RHB Tomás Martí 0-0: Ball
1-0: Swinging Strike
1-1: Ball
2-1: Ball
3-1: Foul Ball, location: 2F
3-2: Base on Balls
Batting: LHB Brian Taylor 0-0: Called Strike
0-1: Swinging Strike
0-2: Ball
1-2: Ball
Tomás Martí steals 2nd base
2-2: Foul Ball, location: 2F
2-2: Ball
3-2: Foul Ball, location: 2F
3-2: Strikes out swinging
Batting: LHB Derek Kelly 0-0: Ball
1-0: Ball
2-0: Ball
3-0: Foul Ball, location: 2F
3-1: Foul Ball, location: 2F
3-2: Base on Balls
Pitching: LHP Huai-yi Lee
Batting: RHB Sterling Massingham 0-0: Ball
1-0: Foul Ball, location: 2F
1-1: Ball
2-1: SINGLE (Line Drive, 4D, EV 103.1 MPH)
Tomás Martí to third
Derek Kelly to second
Batting: RHB Doug Dendy 0-0: Ball
1-0: Ball
2-0: GRAND SLAM HOME RUN (Line Drive, 7D, EV 103.1 MPH), Distance : 395 ft
Batting: RHB John Camp 0-0: Fly out, F5 (Line Drive, 5, EV 71.2 MPH)
Bottom of the 7th over - 4 runs, 2 hits, 0 errors, 0 left on base; Indiana 1 - Long Island 5
TOP OF THE 8TH
Indiana Lead Sox batting - Pitching for Long Island Ducks : LHP Binjimen Victor
Pitching: LHP John Sawyer
Batting: LHB Xavier Petit 0-0: Foul Ball, location: 2F
0-1: Swinging Strike
0-2: Strikes out looking
Batting: RHB Iván Reyes 0-0: Ground out 5-3 (Groundball, 5, EV 89.4 MPH)
Batting: LHB Doug Pollock 0-0: Called Strike
0-1: Ball
1-1: Swinging Strike
1-2: Ball
2-2: Foul Ball, location: 2F
2-2: Strikes out looking
Top of the 8th over - 0 runs, 0 hits, 0 errors, 0 left on base; Indiana 1 - Long Island 5
BOTTOM OF THE 8TH
Long Island Ducks batting - Pitching for Indiana Lead Sox : LHP Huai-yi Lee
Batting: LHB Benno Luby 0-0: Called Strike
0-1: Called Strike
0-2: Strikes out swinging
Batting: RHB Sean Roberts 0-0: Ball
1-0: Swinging Strike
1-1: Called Strike
1-2: Ball
2-2: Fly out, F8 (Line Drive, 8RD, EV 95.0 MPH)
Batting: LHB Sergio Morán 0-0: Called Strike
0-1: Ball
1-1: Foul Ball, location: 2F
1-2: Ball
2-2: Ground out U3 (Groundball, 34, EV 86.9 MPH)
Bottom of the 8th over - 0 runs, 0 hits, 0 errors, 0 left on base; Indiana 1 - Long Island 5
TOP OF THE 9TH
Indiana Lead Sox batting - Pitching for Long Island Ducks : LHP John Sawyer
Batting: LHB Shiki Yamamoto 0-0: Called Strike
0-1: Swinging Strike
0-2: Fly out, F9 (Flyball, 89S, EV 86.2 MPH)
Batting: SHB Ralph Titus 0-0: Called Strike
0-1: Swinging Strike
0-2: Foul Ball, location: 2F
0-2: Ball
1-2: Ball
2-2: Strikes out swinging
Batting: RHB John Batman 0-0: Ground out 6-3 (Groundball, 6, EV 78.1 MPH)
Top of the 9th over - 0 runs, 0 hits, 0 errors, 0 left on base; Indiana 1 - Long Island 5
Thursday, January 23rd, 2020 - OOTP Baseball 20.8 Build 74